 Dungeon Crawl Stone Soup version 0.24.0-125-gc4c63601f3 (webtiles) character file.

Game seed: 8183005888069056991, levelgen mode: deterministic

343 mive the Poker (level 6, -10/53 HPs)
             Began as a Gnoll Chaos Knight on Feb 21, 2020.
             Was a Plaything of Xom.
             Splashed by Ijyb's acid (13 damage)
             ... on level 3 of the Dungeon.
             The game lasted 00:45:53 (5235 turns).

mive the Poker (Gnoll Chaos Knight)                 Turns: 5235, Time: 00:45:54

Health: -10/53     AC:  4    Str: 19 (20) XL:     6   Next: 57%
Magic:  8/8        EV: 11    Int: 15 (17) God:    Xom [*.....]
Gold:   177        SH:  0    Dex: 13      Spells: 9/9 levels left

rFire    . . .     SeeInvis .   n - +0 dagger (venom)
rCold    . . .     Gourm    .   (no shield)
rNeg     . . .     Faith    .   l - +1 scale mail {MR+}
rPois    .         Spirit   .   (no helmet)
rElec    .         Reflect  .   (no cloak)
rCorr    .         Harm     .   (no gloves)
MR       +....                  (no boots)
Stlth    +.........             m - amulet of the acrobat
HPRegen  0.17/turn              (no ring)
MPRegen  0.11/turn              (no ring)

@: mighty, corroded
A: distributed training, fangs 1, blink, blurry vision 1, clever 1, clumsy 1,
deterioration 1, low mp 1, screaming 1, strong nose
a: Blink, Renounce Religion


You were on level 3 of the Dungeon.
You worshipped Xom.
You were a special plaything of Xom.
You were not hungry.

You visited 2 branches of the dungeon, and saw 5 of its levels.
You also visited: Sewer.

You collected 177 gold pieces.

Inventory:

Hand Weapons
 a - a +0 spear of chaos
 g - a +0 flail
 h - a +0 short sword
 i - a +2 dagger of electrocution
 n - a +0 dagger of venom (weapon)
 s - a +0 hand axe
 y - a +0 hunting sling
Missiles
 d - 221 stones
 f - 27 sling bullets
 v - 9 poisoned darts (quivered)
 w - 56 bolts
Armour
 l - a +1 scale mail of magic resistance (worn)
Jewellery
 m - an amulet of the acrobat (around neck)
Scrolls
 b - a scroll of fear {unknown}
 j - a scroll of teleportation
 o - a scroll of magic mapping {unknown}
 q - a scroll of immolation {unknown}
 t - a scroll of fog {unknown}
 x - a scroll of identify
Potions
 e - a potion of resistance
 k - 2 potions of heal wounds {unknown}
 p - 3 potions of might
 r - 4 potions of flight
 u - a potion of haste {unknown}
Comestibles
 c - 7 rations
 z - a chunk of flesh


   Skills:
 + Level 6.8 Fighting
 + Level 2.0 Short Blades
 + Level 2.0 Long Blades
 + Level 2.0 Axes
 + Level 2.0 Maces & Flails
 + Level 6.8 Polearms
 + Level 2.0 Staves
 + Level 2.0 Slings
 + Level 2.0 Bows
 + Level 2.0 Crossbows
 + Level 2.0 Throwing
 + Level 5.0 Armour
 + Level 3.2 Dodging
 + Level 2.0 Stealth
 + Level 2.0 Shields
 + Level 2.0 Unarmed Combat
 + Level 2.0 Spellcasting
 + Level 1.5 Conjurations
 + Level 1.5 Hexes
 + Level 1.5 Charms
 + Level 1.5 Summonings
 + Level 1.5 Necromancy
 + Level 1.5 Translocations
 + Level 1.5 Transmutations
 + Level 1.5 Fire Magic
 + Level 1.5 Ice Magic
 + Level 1.5 Air Magic
 + Level 1.5 Earth Magic
 + Level 1.5 Poison Magic
 + Level 2.2 Invocations
 + Level 2.0 Evocations


You had 9 spell levels left.
You didn't know any spells.
Your spell library was empty.

Dungeon Overview and Level Annotations

Branches:
Dungeon (4/15)             Temple (1/1) D:4           Sewer (visited)

Altars:
Ashenzari
Cheibriados
Hepliaklqana
Kikubaaqudgha
Nemelex Xobeh
Okawaru
Qazlal
Ru
Sif Muna
Trog
Uskayaw
Vehumet
Xom
Zin

Annotations:
D:3 Ijyb, Natasha


Innate Abilities, Weirdness & Mutations

Your experience applies equally to all skills.
You have very sharp teeth.
Your uncanny sense of smell can sniff out nearby items.
You can translocate small distances at will.
Scrolls take you a little longer to read.
Your mind is acute. (Int +2)
You are clumsy. (Dex -2)
Your body sometimes deteriorates upon taking damage.
Your magical capacity is low. (-10% MP)
You occasionally shout uncontrollably at your foes.


Message History

There is a stone staircase leading down here.
Your scale mail prevents you from hitting Natasha.
Natasha claws you.
You closely miss Natasha. Natasha claws you.
Your body deteriorates!
You feel dopey.
You barely miss Natasha. You bite Natasha, but do no damage.
Xom twists space around you.
Your surroundings suddenly seem different.
Your surroundings suddenly seem different.
Ijyb shouts!
Ijyb zaps a wand.
The bolt of acid hits you. The acid corrodes you!
You are splashed with acid!
It was a potion of might.
You feel very mighty all of a sudden.
Ijyb zaps a wand.
The bolt of acid hits you!!
* * * LOW HITPOINT WARNING * * *
Your body deteriorates!
You feel dopey.
You are splashed with acid!
You die...
Xom howls with laughter!

######### ############
#.......# #..........#
#.......# #..........#
#.......###..........# #
#.......##..<##.....####..
#........@g######........#
#.................##.....#
######............######..
#..##....###..#### ##
#.####.#.# ##.g..### #
##...#....# ####..g###
##.........## ###....
#...).......## #####
#............### #####


You could see Ijyb.

Vanquished Creatures
  A big kobold (Sewer)
  An iguana (D:4)
  Terence (D:2)
  2 hound skeletons (D:4)
  Robin (D:4)
  A gnoll (D:1)
  3 adders (D:2)
  2 river rats
  2 oozes
  3 worms (D:2)
  3 dart slugs
  4 leopard geckos
  5 orcs
  6 ball pythons
  10 bats
  3 giant cockroaches
  12 goblins
  11 hobgoblins
  6 jackals
  2 quokkas
  5 frilled lizards
  10 kobolds
  14 rats
108 creatures vanquished.

Vanquished Creatures (others)
  A bat (D:3)
1 creature vanquished.

Grand Total: 109 creatures vanquished

Notes
Turn   | Place    | Note
-------+----------+-------------------------------------------
     0 | D:1      | mive the Gnoll Chaos Knight began the quest for the Orb.
     0 | D:1      | Reached XP level 1. HP: 23/23 MP: 1/1
    13 | D:1      | XOM: divination: magic mapping
    76 | D:1      | Reached XP level 2. HP: 29/29 MP: 2/2
   448 | D:1      | Reached XP level 3. HP: 31/35 MP: 3/3
   632 | D:1      | XOM: give mutations
   632 | D:1      | Gained mutation: You are agile. (Dex +2) [Xom's mischief]
   632 | D:1      | Gained mutation: Your body sometimes deteriorates upon
                  | taking damage. [Xom's mischief]
   632 | D:1      | Lost mutation: You are agile. (Dex +2) [Xom's mischief]
   988 | D:2      | XOM is BORED!
   988 | D:2      | XOM: medium Necr miscast
   989 | D:2      | Noticed a shadow
   989 | D:2      | Noticed a shadow
   990 | D:2      | XOM: butterfly on damage
  1214 | D:2      | Reached skill level 1 in Invocations
  1258 | D:2      | Found a stormy altar of Qazlal.
  1448 | D:2      | Reached skill level 1 in Short Blades
  1448 | D:2      | Reached skill level 1 in Long Blades
  1448 | D:2      | Reached skill level 1 in Axes
  1448 | D:2      | Reached skill level 1 in Maces & Flails
  1448 | D:2      | Reached skill level 1 in Staves
  1448 | D:2      | Reached skill level 1 in Slings
  1448 | D:2      | Reached skill level 1 in Bows
  1448 | D:2      | Reached skill level 1 in Crossbows
  1448 | D:2      | Reached skill level 1 in Throwing
  1448 | D:2      | Reached skill level 1 in Stealth
  1448 | D:2      | Reached skill level 1 in Shields
  1448 | D:2      | Reached skill level 1 in Unarmed Combat
  1448 | D:2      | Reached skill level 1 in Spellcasting
  1448 | D:2      | Reached skill level 1 in Evocations
  1448 | D:2      | Reached XP level 4. HP: 40/41 MP: 5/5
  1651 | D:3      | Noticed Ijyb
  1808 | D:2      | XOM: give mutations
  1808 | D:2      | Gained mutation: You have a pair of small horns on your
                  | head. [Xom's mischief]
  1808 | D:2      | Gained mutation: You are clumsy. (Dex -2) [Xom's mischief]
  1808 | D:2      | Lost mutation: You have a pair of small horns on your head.
                  | [Xom's mischief]
  1920 | D:3      | XOM: give mutations
  1920 | D:3      | Gained mutation: You occasionally shout uncontrollably at
                  | your foes. [Xom's mischief]
  1920 | D:3      | Gained mutation: You can translocate small distances at
                  | will. [Xom's mischief]
  1968 | D:3      | XOM: chaos cloud
  1971 | D:3      | Found an iron altar of Okawaru.
  1993 | D:3      | XOM: god gift: scroll labeled WATILL TOGROW {god gift}
  2024 | D:3      | Reached skill level 1 in Conjurations
  2024 | D:3      | Reached skill level 1 in Hexes
  2024 | D:3      | Reached skill level 1 in Charms
  2024 | D:3      | Reached skill level 1 in Summonings
  2024 | D:3      | Reached skill level 1 in Necromancy
  2024 | D:3      | Reached skill level 1 in Translocations
  2024 | D:3      | Reached skill level 1 in Transmutations
  2024 | D:3      | Reached skill level 1 in Fire Magic
  2024 | D:3      | Reached skill level 1 in Ice Magic
  2024 | D:3      | Reached skill level 1 in Air Magic
  2024 | D:3      | Reached skill level 1 in Earth Magic
  2024 | D:3      | Reached skill level 1 in Poison Magic
  2098 | D:3      | Found a shimmering altar of Xom.
  2266 | D:2      | XOM: give mutations
  2266 | D:2      | Gained mutation: Your magical capacity is low. (-10% MP)
                  | [Xom's mischief]
  2266 | D:2      | Gained mutation: Your mind is acute. (Int +2) [Xom's
                  | mischief]
  2345 | D:2      | Reached XP level 5. HP: 40/47 MP: 6/6
  2374 | D:2      | Noticed Terence
  2409 | D:2      | Killed Terence
  2729 | D:4      | Found a staircase to the Ecumenical Temple.
  3088 | D:4      | XOM: polymorph river rat -> dart slug
  3144 | D:4      | Found a glowing drain.
  3151 | Sewer    | Entered a sewer
  3180 | Sewer    | Reached XP level 6. HP: 39/53 MP: 7/7
  3369 | Sewer    | XOM: 2-stop teleportation journey
  3381 | Sewer    | XOM: noise
  3696 | Sewer    | XOM: medium Ice miscast
  3751 | Sewer    | Found a glowing silver altar of Zin.
  3905 | Temple   | Entered the Ecumenical Temple
  4029 | D:4      | Reached skill level 5 in Armour
  4344 | D:4      | Noticed Robin
  4383 | D:4      | Killed Robin
  4501 | D:4      | XOM: 3-stop teleportation journey
  4951 | D:4      | Noticed a black bear
  4951 | D:4      | Noticed Natasha
  4960 | D:4      | XOM: silly message
  4965 | D:4      | XOM: summons 3 hostile demons
  4966 | D:4      | Noticed a smoke demon
  4966 | D:4      | Noticed a chaos spawn
  5012 | D:3      | XOM: harmless Hex miscast
  5168 | D:2      | XOM: give mutations
  5168 | D:2      | Gained mutation: You are frail. (-10% HP) [Xom's mischief]
  5168 | D:2      | Lost mutation: You are frail. (-10% HP) [Xom's mischief]
  5168 | D:2      | Gained mutation: Scrolls take you a little longer to read.
                  | [Xom's mischief]
  5231 | D:3      | XOM: 2-stop teleportation journey
  5235 | D:3      | Splashed by Ijyb's acid

Levels and vault maps discovered:
D:1:      dpeg_arrival_stone_temple_mockup, layout_basic
D:2:      minmay_alternating_diamond, layout_basic, first_ration,
          nicolae_qazlal_eye_of_the_storm, uniq_terence
D:3:      layout_rooms, amethyst_overflow_temple_binary, nrook_mini_backslash,
          uniq_ijyb
D:4:      layout_rooms, minmay_temple_entry_antechambers, portal_sewer_entry_e,
          uniq_natasha, uniq_robin
Temple:   minmay_temple_bridge_abc

Skill      XL: |  1  2  3  4  5  6 |
---------------+-------------------+-----
Invocations    | 1 2 |  2.2
Short Blades   | 1 2 |  2.0
Long Blades    | 1 2 |  2.0
Axes           | 1 2 |  2.0
Maces & Flails | 1 2 |  2.0
Staves         | 1 2 |  2.0
Slings         | 1 2 |  2.0
Bows           | 1 2 |  2.0
Crossbows      | 1 2 |  2.0
Throwing       | 1 2 |  2.0
Stealth        | 1 2 |  2.0
Shields        | 1 2 |  2.0
Unarmed Combat | 1 2 |  2.0
Spellcasting   | 1 2 |  2.0
Evocations     | 1 2 |  2.0
Conjurations   | 1 |  1.5
Hexes          | 1 |  1.5
Charms         | 1 |  1.5
Summonings     | 1 |  1.5
Necromancy     | 1 |  1.5
Translocations | 1 |  1.5
Transmutations | 1 |  1.5
Fire Magic     | 1 |  1.5
Ice Magic      | 1 |  1.5
Air Magic      | 1 |  1.5
Earth Magic    | 1 |  1.5
Poison Magic   | 1 |  1.5
Dodging        | 3 |  3.2
Armour         | 5 |  5.0
Fighting       | |  6.8
Polearms       | |  6.8

Action                   |  1- 3 |  4- 6 || total
-------------------------+-------+-------++-------
Melee: Spear             |    22 |    41 ||    63
       Short sword       |   109 |   275 ||   384
       Bite              |    10 |    36 ||    46
       Flail             |     4 |       ||     4
       Dagger            |       |    26 ||    26
       Punch             |       |     1 ||     1
 Fire: Hunting sling     |       |     5 ||     5
Throw: Stone             |    12 |    39 ||    51
       Dart              |       |    12 ||    12
  Use: Scroll            |     4 |     3 ||     7
       Potion            |       |     3 ||     3
 Stab: Sleeping          |     1 |       ||     1
       Confused          |       |     1 ||     1
  Eat: Chunk             |     2 |     9 ||    11
       Ration            |       |     1 ||     1
Armor: Leather armour    |    30 |       ||    30
       Scale mail        |    31 |   148 ||   179
Dodge: Dodged            |    96 |   210 ||   306
